Cogmind - Beta 16 @@@ ROGUE MODE // 2025.11.30 @ 22:18:42 Player: Petvaria Result: Destroyed by B-75 Beast with Heavy Machine Gun Performance ------------- Evolutions (5) 2500 Regions Visited (12) 2400 Robots Destroyed (89) 445 Value Destroyed (3439) 3439 Prototype IDs (13) 260 Alien Tech Used (0) 0 Bonus (6214) 6214 TOTAL SCORE: 15258 Bonus ------- High Alert Combat Kills 88 Follower Combat Kills 126 Subatomizer Sterilization 3000 Entered Garrisons 200 Entered DSFs 500 Delivered SUBCON Basin 2000 Met Data Miner 300 Cogmind --------- Core Integrity 0/1000 Matter 212/300 Energy 100/100 System Corruption 2% Temperature Cool (0) Movement Flying (35) Location -5/Garrison Parts ------- > --- POWER (3) -------- (None) > --- PROPULSION (5) --- VTOL Module > --- UTILITY (5) ------ (None) > --- WEAPON (4) ------- (None) > --- INVENTORY (5) ---- Energy Well (350) Tech Extrapolator Phase Cannon Phase Cannon Carbide Saw Peak State ------------ > --- POWER ------------ Angular Momentum Engine Light Angular Momentum Engine > --- PROPULSION ------- Improved Medium Treads Improved Medium Treads Improved Medium Treads Improved Medium Treads > --- UTILITY ---------- Improved Heat Sink Advanced Heat Sink Improved Cooling System Light Humpback > --- WEAPON ----------- Cooled Plasma Cannon Gauss Rifle Gauss Rifle Hypervelocity Gauss Rifle > --- INVENTORY -------- Micro Nuclear Core Light Angular Momentum Engine Spiked Treads Improved Medium Treads Flexi-carbon Leg Medium Storage Unit Enhanced Optical Array Improved Target Analyzer Matter Filter Improved Medium Armor Plating Medium Reactive Plating Remote Force Field Tech Extrapolator High-powered Tractor Beam Cooled Particle Cannon Heavy Plasma Cannon Battle Rifle Battle Rifle Barrage Gun Gauss Rifle Battle Cannon Heavy Flak Cannon Long-range Missile Launcher Remote Datajack Multitool [Rating: 72] Favorites ----------- Power Ion Engine Engine Ion Engine Power Core Reinforced Fission Core Propulsion Spiked Treads Treads Spiked Treads Wheel Wheel Hover Unit Gyrokinetic Inverter Flight Unit VTOL Module Utility Light Humpback Device Advanced Heat Sink Storage Light Humpback Processor Improved Target Analyzer Protection Scrap Shield Weapon Battle Cannon Energy Gun Medium Laser Energy Cannon Phase Cannon Ballistic Gun Gauss Rifle Ballistic Cannon Battle Cannon Launcher Long-range Missile Launcher Build | -11 -10 -10 -9 -9 -6 -6 -6 -6 -5 -5 -5 -5 ------- Run | Yrd Mat Sub Rec Scr Fac Low Low Dat Pro Fac DSF Gar Slots Evolved 10 | . . . . . 8 . . . . 2 . . Power 2 | . . . . . 1 . . . . 1 . . Propulsion 3 | . . . . . 2 . . . . 1 . . Utility 3 | . . . . . 3 . . . . . . . Weapon 2 | . . . . . 2 . . . . . . . Parts Attached 82 | 7 1 15 . . 25 8 3 . 9 . 3 11 Power 12 | 1 . 2 . . 3 2 . . 2 . . 2 Engine 6 | 1 . 2 . . 3 . . . . . . . Core 6 | . . . . . . 2 . . 2 . . 2 Reactor . | . . . . . . . . . . . . . Propulsion 23 | 2 1 4 . . 6 . . . 3 . 2 5 Treads 13 | 2 . 2 . . 6 . . . 3 . . . Leg . | . . . . . . . . . . . . . Wheel 3 | . 1 2 . . . . . . . . . . Hover 2 | . . . . . . . . . . . 2 . Flight 5 | . . . . . . . . . . . . 5 Utility 19 | 2 . 3 . . 6 5 1 . 1 . 1 . Device 9 | 1 . . . . 5 1 1 . 1 . . . Storage 4 | 1 . 2 . . . 1 . . . . . . Processor 1 | . . . . . . 1 . . . . . . Hackware . | . . . . . . . . . . . . . Protection 5 | . . 1 . . 1 2 . . . . 1 . Artifact . | . . . . . . . . . . . . . Weapon 28 | 2 . 6 . . 10 1 2 . 3 . . 4 Energy Gun 4 | 1 . 1 . . . . . . 2 . . . Energy Cannon 6 | . . 1 . . 2 . . . 1 . . 2 Ballistic Gun 13 | 1 . 1 . . 8 1 . . . . . 2 Ballistic Cannon 4 | . . 3 . . . . 1 . . . . . Launcher 1 | . . . . . . . 1 . . . . . Special Weapon . | . . . . . . . . . . . . . Impact Weapon . | . . . . . . . . . . . . . Slashing Weapon . | . . . . . . . . . . . . . Piercing Weapon . | . . . . . . . . . . . . . Special Melee Weapon . | . . . . . . . . . . . . . Unidentified Prototypes 3 | . . . . . 3 . . . . . . . Corrupted Parts 2 | . . . . . . . . . 2 . . . System Corruption 9 | . . . . . . . . . 9 . . . Parts Lost 39 | . . 3 . . 3 3 . . 25 . . 5 Power 4 | . . 1 . . . . . . 3 . . . Propulsion 14 | . . 1 . . 2 . . . 7 . . 4 Utility 9 | . . 1 . . . 2 . . 6 . . . Weapon 12 | . . . . . 1 1 . . 9 . . 1 Highest Loss Streak 9 | . . 2 . . 2 2 . . 9 . . 4 To Critical Strikes . | . . . . . . . . . . . . . Average Backups 8 | 3 4 5 8 9 14 11 10 10 6 5 4 3 Power . | . 1 . . . 1 1 1 1 . . . . Propulsion 1 | 1 2 1 1 1 2 1 2 2 . . . . Utility 2 | . . 1 1 2 4 4 3 3 3 3 2 1 Weapon 3 | 1 1 2 5 5 4 3 3 3 1 1 2 1 Tool/Special . | . . . . . . . . . . . . . Unused Backups 17 | 1 . 4 1 . 1 5 . . 1 . 1 3 Power 3 | 1 . . . . . 1 . . 1 . . . Propulsion 3 | . . 1 1 . . 1 . . . . . . Utility 5 | . . 1 . . 1 1 . . . . . 2 Weapon 4 | . . 2 . . . 1 . . . . . 1 Tool/Special 2 | . . . . . . 1 . . . . 1 . Average Slot Usage (%) 75 | . 100 86 85 85 80 98 100 76 35 . . 23 Engine 9 | . 14 13 14 14 11 11 1 6 . . . . Core 1 | . . . . . . 1 11 6 6 . . 4 Treads 21 | . 16 23 27 28 21 26 26 26 7 . . . Wheel 1 | . 11 4 . . . . . . . . . . Device 5 | . 14 2 . . 11 16 20 26 4 . . . Storage 8 | . 14 5 14 14 6 6 6 6 5 . . . Protection 2 | . . 8 . . 1 2 5 . . . . . Energy Gun 7 | . 14 14 14 14 1 . . . 1 . . . Ballistic Gun 7 | . 14 2 . . 20 26 23 2 2 . . 2 Ballistic Cannon 7 | . . 10 14 14 3 . 2 . 1 . . . Peak Build Rating 72 | 7 7 30 30 30 72 71 72 72 72 2 13 32 Average Rating 31 | 5 7 13 26 30 51 69 69 55 24 2 2 17 On Entrance 30 | . 7 7 30 30 30 71 69 72 72 2 2 2 Avg Prop Armor Cover (%) 9 | . 12 9 11 . 5 . . . . . . . Naked Turns 91 | . . . . . . . . . 21 5 51 14 Heaviest Build 85 | 13 13 50 50 50 85 85 73 60 78 . . 25 Greatest Support 120 | 40 40 40 40 40 120 120 120 120 120 3 3 20 Greatest Overweight (x) 10 | . 1 3 2 1 1 . . . 10 . . 4 Average Overweight (x) 1 | . . . 1 1 . . . . 4 . . 1 Largest Inventory Capacity 25 | 8 8 25 25 25 25 25 10 10 10 5 5 5 Average Capacity 16 | 7 8 10 25 25 25 11 10 10 9 5 5 5 Most Carried 25 | 5 5 25 25 25 25 25 10 10 10 5 5 5 Average Carried 14 | 3 4 8 22 24 18 10 9 10 6 5 4 3 Final Capacity 25 | 8 8 25 25 25 25 10 10 10 5 5 5 5 Final Carried 25 | 4 5 25 25 25 25 10 10 10 5 5 5 5 Class Distribution -------------------- 34% | Mutant 26% | Derelict-Mutant 13% | Scavenger-Gunner 7% | Commander-Mutant 5% | Derelict-Gunner 5% | Scavenger-Tank 3% | Derelict-Tank 3% | Tank Dominant Class ---------------- Mutant | -10/Materials Mutant | -10/Subcaves Commander-Mutant | -9/Recycling Derelict-Mutant | -9/Scraptown Scavenger-Gunner | -6/Factory Scavenger-Gunner | -6/Lower Caves Scavenger-Tank | -6/Lower Caves Mutant | -6/Data Miner Mutant | -5/Proximity Caves Mutant | -5/Factory Mutant | -5/DSF Mutant | -5/Garrison Resources | -11 -10 -10 -9 -9 -6 -6 -6 -6 -5 -5 -5 -5 ----------- Run | Yrd Mat Sub Rec Scr Fac Low Low Dat Pro Fac DSF Gar Matter Collected 3376 | 303 . 525 63 . 756 412 116 . 878 . . 323 Remotely 352 | . . . . . 175 . . . 177 . . . Salvage Created 3679 | 96 . 759 382 . 1155 150 53 . 793 . . 291 Parts 151 | 6 . 43 14 . 34 9 10 . 23 . . 12 Haulers Intercepted . | . . . . . . . . . . . . . Recyclers Shooed 7 | 1 . . 2 . 4 . . . . . . . Parts Field Recycled . | . . . . . . . . . . . . . Retrieved Matter . | . . . . . . . . . . . . . Parts Self-Destructed 56 | . . 20 . . . 9 6 . 21 . . . Prevented 1 | . . . . . . . . . 1 . . . Parts Restored . | . . . . . . . . . . . . . Kills | -11 -10 -10 -9 -9 -6 -6 -6 -6 -5 -5 -5 -5 ------- Run | Yrd Mat Sub Rec Scr Fac Low Low Dat Pro Fac DSF Gar Combat Hostiles Destroyed 75 | . . 24 1 . 12 2 7 . 21 . . 8 Guns 28 | . . 11 . . 11 2 . . 3 . . 1 Cannons 32 | . . 13 1 . 1 . . . 11 . . 6 AOE 15 | . . . . . . . 7 . 7 . . 1 Classes Destroyed 16 | 2 . 4 2 . 3 1 . . 3 . . 1 Builder 1 | . . . 1 . . . . . . . . . Tunneler 2 | 2 . . . . . . . . . . . . Recycler 11 | 1 . . 6 . 4 . . . . . . . Drone 2 | . . . . . . . . . 2 . . . Swarmer 19 | . . 5 . . . . 7 . 4 . . 3 Cutter 2 | . . . . . . . . . . . . 2 Grunt 16 | . . . 1 . 7 . . . 6 . . 2 Brawler 2 | . . . . . . . . . 2 . . . Duelist 4 | . . . . . 1 . . . 3 . . . Protector 1 | . . . . . . . . . 1 . . . Sentry 2 | . . 1 . . . . . . 1 . . . Hunter 4 | . . . . . 2 . . . 2 . . . Programmer 4 | . . . . . 2 1 . . . . . 1 Behemoth 1 | . . . . . . 1 . . . . . . Artisan 2 | . . 2 . . . . . . . . . . Subdweller 18 | . . 18 . . . . . . . . . . Best Kill Streak 8 | 2 . 4 2 . 4 1 4 . 8 . . 3 Combat Bots Only 8 | . . 4 1 . 3 1 4 . 8 . . 3 Max Kills in Single Turn 3 | 1 . 1 2 . 1 1 3 . 2 . . 1 Gunslinging . | . . . . . . . . . . . . . Exploded 3 | . . . . . . . 3 . 2 . . 1 Melee . | . . . . . . . . . . . . . Uniques/NPCs Destroyed . | . . . . . . . . . . . . . Combat | -11 -10 -10 -9 -9 -6 -6 -6 -6 -5 -5 -5 -5 -------- Run | Yrd Mat Sub Rec Scr Fac Low Low Dat Pro Fac DSF Gar Hostile Shots Fired 508 | . . 75 1 . 95 51 50 . 143 . 13 80 Missed 138 | . . 21 1 . 22 16 16 . 30 . 5 27 Hits 370 | . . 54 . . 73 35 34 . 113 . 8 53 Melee 37 | . . . . . 1 . . . 26 . . 10 Projectile 333 | . . 54 . . 72 35 34 . 87 . 8 43 AOE 6 | . . 3 . . . . . . . . . 3 Critical Strikes 18 | . . 2 . . 4 . . . 6 . . 6 Damage Taken 7823 | . . 1169 . . 1341 800 278 . 2737 . 355 1143 Core 2060 | . . 212 . . 193 130 25 . 486 . 355 659 Absorbed by Shields 210 | . . . . . . . 33 . 113 . . 64 Ignored by Resistances 172 | . . . . . 34 . 86 . 52 . . . Core Remaining (%) 38 | 100 . . . 15 . . . . 1 . . . Volleys Fired 290 | 11 . 106 1 . 49 20 11 . 61 . . 31 Largest 4 | 2 . 2 2 . 4 4 4 . 4 . . 4 Hottest 275 | 70 . 83 83 . 119 117 133 . 275 . . 216 Shots Fired 691 | 22 . 178 2 . 195 81 15 . 154 . . 44 Gun 417 | 22 . 90 1 . 149 81 4 . 60 . . 10 Cannon 258 | . . 88 1 . 46 . 6 . 84 . . 33 Launcher 16 | . . . . . . . 5 . 10 . . 1 Special . | . . . . . . . . . . . . . Kinetic 475 | 11 . 89 1 . 195 81 5 . 83 . . 10 Thermal 190 | 11 . 89 1 . . . 5 . 51 . . 33 Explosive 16 | . . . . . . . 5 . 10 . . 1 Electromagnetic 10 | . . . . . . . . . 10 . . . Robot Hit Streak 26 | 5 . 26 1 . 16 11 5 . 12 . . 7 Robot Miss Streak 8 | 4 . 8 1 . 5 4 7 . 6 . . 5 Penetration Max 2 | . . . . . 2 . . . 1 . . . Secondary Targets . | . . . . . . . . . . . . . Shots Hit Robots 440 | 13 . 114 1 . 118 61 6 . 103 . . 24 Core Hits 215 | 4 . 44 7 . 49 10 8 . 79 . . 14 Critical Kills 2 | . . . . . 2 . . . . . . . Critical Parts Destroyed 12 | . . . . . 3 5 . . 3 . . 1 Critical Strikes 30 | 2 . 8 . . 6 10 . . 3 . . 1 Burn 8 | 2 . 6 . . . . . . . . . . Destroy 19 | . . . . . 5 10 . . 3 . . 1 Blast 3 | . . 2 . . 1 . . . . . . . Melee Attacks . | . . . . . . . . . . . . . Impact . | . . . . . . . . . . . . . Slashing . | . . . . . . . . . . . . . Piercing . | . . . . . . . . . . . . . Sneak Attacks . | . . . . . . . . . . . . . Combat Hostiles . | . . . . . . . . . . . . . Follow-up Attacks . | . . . . . . . . . . . . . Damage Inflicted 10517 | 159 . 1819 81 . 2456 1113 782 . 3245 . . 862 Guns 5020 | 159 . 902 13 . 1918 1113 . . 823 . . 92 Cannons 3801 | . . 917 28 . 528 . . . 1692 . . 636 Explosions 1646 | . . . . . . . 782 . 730 . . 134 Melee . | . . . . . . . . . . . . . Ramming 50 | . . . 40 . 10 . . . . . . . Kinetic 6261 | 59 . 1032 28 . 2446 1113 . . 1491 . . 92 Thermal 2500 | 100 . 787 13 . . . . . 964 . . 636 Explosive 1646 | . . . . . . . 782 . 730 . . 134 Electromagnetic 60 | . . . . . . . . . 60 . . . Impact . | . . . . . . . . . . . . . Slashing . | . . . . . . . . . . . . . Piercing . | . . . . . . . . . . . . . Highest Corruption 29 | . . . . . 2 2 2 2 29 . . 2 Average Corruption 12 | . . . . . 1 2 2 2 25 . . 1 Corruption Purged . | . . . . . . . . . . . . . Corruption Blocked . | . . . . . . . . . . . . . Effects 137 | . . . . . 2 12 7 3 109 . . 4 Message Errors 33 | . . . . . 1 3 3 1 24 . . 1 Matter Fused 33 | . . . . . . 3 1 1 28 . . . Heat Flow Errors 13 | . . . . . . 2 . 1 10 . . . Energy Discharges 20 | . . . . . 1 . 2 . 16 . . 1 Parts Rejected 1 | . . . . . . . . . 1 . . . Parts Fused 1 | . . . . . . . . . 1 . . . Data Loss (minor) 14 | . . . . . . 2 . . 12 . . . Data Loss (major) 6 | . . . . . . 1 . . 5 . . . Misfires 4 | . . . . . . 1 1 . 1 . . 1 Alerts 2 | . . . . . . . . . 1 . . 1 Misdirections 2 | . . . . . . . . . 2 . . . Weapon Failures 8 | . . . . . . . . . 8 . . . Overload Shots 13 | . . . . . . . . . 13 . . . Effects 1 | . . . . . . . . . 1 . . . Energy Bleed 1 | . . . . . . . . . 1 . . . Overflow Damage 271 | . . . . . 6 . 77 . 129 . . 59 Projectiles 15 | . . . . . 6 . . . . . . 9 Explosions 256 | . . . . . . . 77 . 129 . . 50 Melee . | . . . . . . . . . . . . . Knockbacks 37 | . . 7 1 . 11 . . . 18 . . . Impact 1 | . . . 1 . . . . . . . . . Kinetic 33 | . . 7 . . 10 . . . 16 . . . Secondary 3 | . . . . . 1 . . . 2 . . . Self-Inflicted Damage 197 | . . . . . . . . . 126 . . 71 Shots 3 | . . . . . . . . . 2 . . 1 Rammed 10 | . . . 9 . 1 . . . . . . . Targets Rammed 16 | . . . 15 . 1 . . . . . . . Kicked . | . . . . . . . . . . . . . Crushed 6 | . . . 6 . . . . . . . . . Highest Temperature 377 | 63 . . 21 . 377 125 8 238 364 . . 354 Average Temperature 99 | 27 . . 11 . 118 62 6 144 109 . . 97 Received Heat Transfer 1132 | . . 171 . . 489 24 32 . 308 . . 108 Effects 4 | . . . . . 2 . . . . . . 2 Shutdowns 1 | . . . . . 1 . . . . . . . Energy Bleed 1 | . . . . . . . . . . . . 1 Interference 1 | . . . . . . . . . . . . 1 Short Circuit 1 | . . . . . 1 . . . . . . . Siege Activations . | . . . . . . . . . . . . . Martial Activations . | . . . . . . . . . . . . . Shielding Activations . | . . . . . . . . . . . . . Robots Disrupted . | . . . . . . . . . . . . . Combat Hostiles . | . . . . . . . . . . . . . Robots Corrupted . | . . . . . . . . . . . . . Combat Hostiles . | . . . . . . . . . . . . . Parts Fried . | . . . . . . . . . . . . . Impact Corruptions . | . . . . . . . . . . . . . Robots Melted . | . . . . . . . . . . . . . Combat Hostiles . | . . . . . . . . . . . . . Parts Melted 8 | . . 6 1 . . . . . . . . 1 Heat Transferred 4827 | 444 . 2664 37 . . . . . 979 . . 703 Parts Sabotaged . | . . . . . . . . . . . . . Parts Stolen . | . . . . . . . . . . . . . Parts Stripped . | . . . . . . . . . . . . . Power Chain Reactions . | . . . . . . . . . . . . . Alert | -11 -10 -10 -9 -9 -6 -6 -6 -6 -5 -5 -5 -5 ------- Run | Yrd Mat Sub Rec Scr Fac Low Low Dat Pro Fac DSF Gar Maximum Alert Level 3 | . . . . . . . . . . 3 2 3 Low Security (%) 87 | 100 100 . 100 . 100 . . . . . . . Level 1 . | . . . . . . . . . . . . . Level 2 10 | . . . . . . . . . . . 100 88 Level 3 1 | . . . . . . . . . . 100 . 11 Level 4 . | . . . . . . . . . . . . . Level 5 . | . . . . . . . . . . . . . High Security . | . . . . . . . . . . . . . Max Security . | . . . . . . . . . . . . . Sterilizations 1 | . . . . . 1 . . . . . . . Peak Influence 900 | 10 . . 55 . 188 . . . . 900 633 761 Initial 900 | . . . 55 . . . . . . 900 633 474 Average 101 | 1 . . 3 . 58 . . . . 900 633 610 Influence Increases 2555 | 15 . 195 87 . 354 60 190 . 452 905 . 297 Destroy 0b10 Robot/C 1140 | . . 120 40 . 240 40 140 . 400 . . 160 Destroy 0b10 Robot/NC 85 | 15 . . 35 . 20 . . . 15 . . . Destroy Leader 150 | . . . . . 60 20 20 . 30 . . 20 Allied During Kill 12 | . . . 5 . . . . . 7 . . . Successful Hack 26 | . . . 7 . . . . . . 5 . 14 Disable Machine 15 | . . . . . 15 . . . . . . . Anti-Garrison Action 50 | . . . . . . . . . . . . 50 Destroy Structure 27 | . . . . . 4 . . . . . . 23 Advance Influence 900 | . . . . . . . . . . 900 . . Partial Spotted 15 | . . . . . . . . . . . . 15 Lose Combat Pursuer 135 | . . 75 . . 15 . 30 . . . . 15 Influence Decreases 1834 | 15 . 78 204 . 292 122 103 87 452 . 272 209 Entered New Map 604 | . . . 62 . . 24 . 87 . . 272 159 Time Decay 926 | 15 . 78 138 . 262 88 103 . 242 . . . Lost Part 280 | . . . . . 30 10 . . 190 . . 50 Lost Ally 24 | . . . 4 . . . . . 20 . . . Squads Dispatched 8 | . . . . . 7 . . . 1 . . . Investigation 1 | . . . . . 1 . . . . . . . Extermination 2 | . . . . . 2 . . . . . . . Reinforcement . | . . . . . . . . . . . . . Assault 5 | . . . . . 4 . . . 1 . . . Garrison . | . . . . . . . . . . . . . Intercept . | . . . . . . . . . . . . . Searches Triggered . | . . . . . . . . . . . . . Construction Impeded . | . . . . . . . . . . . . . Haulers Reinforced . | . . . . . . . . . . . . . Active Scanning Responses . | . . . . . . . . . . . . . Cargo Convoy Interrupts . | . . . . . . . . . . . . . Stealth | -11 -10 -10 -9 -9 -6 -6 -6 -6 -5 -5 -5 -5 --------- Run | Yrd Mat Sub Rec Scr Fac Low Low Dat Pro Fac DSF Gar Distress Signals 1 | . . . . . . . . . 1 . . . Communications Jammed . | . . . . . . . . . . . . . Distress Signals . | . . . . . . . . . . . . . Times Spotted 110 | . . 30 2 . 19 2 13 . 28 . 3 13 Peak Tracking Total 7 | . . 5 1 . 5 1 7 . 7 . 3 5 Tactical Retreats 6 | . . 2 . . 1 . 2 . . . . 1 Traps | -11 -10 -10 -9 -9 -6 -6 -6 -6 -5 -5 -5 -5 ------- Run | Yrd Mat Sub Rec Scr Fac Low Low Dat Pro Fac DSF Gar Traps Triggered 11 | . . . . . 5 . . . . . 1 5 Indirectly . | . . . . . . . . . . . . . Trap Hack Attempts . | . . . . . . . . . . . . . Triggered . | . . . . . . . . . . . . . Disarmed . | . . . . . . . . . . . . . Reprogrammed . | . . . . . . . . . . . . . Reused . | . . . . . . . . . . . . . Traps Extracted . | . . . . . . . . . . . . . Installed . | . . . . . . . . . . . . . Triggered . | . . . . . . . . . . . . . Machines | -11 -10 -10 -9 -9 -6 -6 -6 -6 -5 -5 -5 -5 ---------- Run | Yrd Mat Sub Rec Scr Fac Low Low Dat Pro Fac DSF Gar Machines Disabled 2 | . . . . . 1 . . . . . . 1 Max in Single Turn 1 | . . . . . 1 . . . . . . 1 Garrison Access 4 | . . . . . 4 . . . . . . . Garrison Relay 1 | . . . . . . . . . . . . 1 Machines Repaired . | . . . . . . . . . . . . . Machines Dismantled . | . . . . . . . . . . . . . Machines Sabotaged . | . . . . . . . . . . . . . Overloaded Fab Kills . | . . . . . . . . . . . . . Hacking | -11 -10 -10 -9 -9 -6 -6 -6 -6 -5 -5 -5 -5 --------- Run | Yrd Mat Sub Rec Scr Fac Low Low Dat Pro Fac DSF Gar Machines Accessed 13 | . . 3 5 . . . . 3 . 1 . 1 Terminals 7 | . . . 5 . . . . . . 1 . 1 Fabricators . | . . . . . . . . . . . . . Repair Stations . | . . . . . . . . . . . . . Recycling Units . | . . . . . . . . . . . . . Scanalyzers . | . . . . . . . . . . . . . Garrison Access . | . . . . . . . . . . . . . Total Hacks 42 | . . 5 9 . . . . 25 . 2 . 1 Successful 38 | . . 5 6 . . . . 25 . 1 . 1 Failed 4 | . . . 3 . . . . . . 1 . . Catastrophic . | . . . . . . . . . . . . . Database Lockouts . | . . . . . . . . . . . . . Manual 9 | . . . 9 . . . . . . . . . Terminals 12 | . . . 9 . . . . . . 2 . 1 Fabricators . | . . . . . . . . . . . . . Repair Stations . | . . . . . . . . . . . . . Recycling Units . | . . . . . . . . . . . . . Scanalyzers . | . . . . . . . . . . . . . Garrison Access . | . . . . . . . . . . . . . Terminal Hacks 32 | . . 5 . . . . . 25 . 1 . 1 Record 5 | . . 3 . . . . . 2 . . . . Part Schematic 12 | . . . . . . . . 12 . . . . Robot Schematic 8 | . . . . . . . . 8 . . . . Prototype ID Bank 3 | . . . . . . . . 3 . . . . Open Door 1 | . . 1 . . . . . . . . . . Open DSF 1 | . . . . . . . . . . 1 . . Patrol Navigation 1 | . . . . . . . . . . . . 1 Release Object 1 | . . 1 . . . . . . . . . . Fabricator Hacks . | . . . . . . . . . . . . . Repair Station Hacks . | . . . . . . . . . . . . . Recycling Unit Hacks . | . . . . . . . . . . . . . Scanalyzer . | . . . . . . . . . . . . . Garrison Access Hacks . | . . . . . . . . . . . . . Unauthorized Hacks 6 | . . . 6 . . . . . . . . . Terminals 6 | . . . 6 . . . . . . . . . Botnet 1 | . . . 1 . . . . . . . . . Skim 5 | . . . 5 . . . . . . . . . Fabricators . | . . . . . . . . . . . . . Repair Stations . | . . . . . . . . . . . . . Recycling Units . | . . . . . . . . . . . . . Scanalyzers . | . . . . . . . . . . . . . Garrison Access . | . . . . . . . . . . . . . Data Cores Recovered . | . . . . . . . . . . . . . Used . | . . . . . . . . . . . . . Hacking Detections 3 | . . . 2 . . . . . . . . 1 Full Trace Events . | . . . . . . . . . . . . . Feedback Events . | . . . . . . . . . . . . . Feedback Blocked . | . . . . . . . . . . . . . Robot Schematics Acquired 8 | . . . . . . . . 8 . . . . Robots Built . | . . . . . . . . . . . . . Authchips . | . . . . . . . . . . . . . Time . | . . . . . . . . . . . . . Total Robot Build Rating . | . . . . . . . . . . . . . Part Schematics Acquired 12 | . . . . . . . . 12 . . . . Parts Built . | . . . . . . . . . . . . . Authchips . | . . . . . . . . . . . . . Time . | . . . . . . . . . . . . . Total Part Build Rating . | . . . . . . . . . . . . . Part Studies Acquired . | . . . . . . . . . . . . . Parts Repaired . | . . . . . . . . . . . . . Time . | . . . . . . . . . . . . . Parts Recycled . | . . . . . . . . . . . . . Recycled Matter . | . . . . . . . . . . . . . Retrieved Matter . | . . . . . . . . . . . . . Retrieved Components . | . . . . . . . . . . . . . Parts Scanalyzed . | . . . . . . . . . . . . . Part Schematics Acquired . | . . . . . . . . . . . . . Parts Damaged . | . . . . . . . . . . . . . Bothacking | -11 -10 -10 -9 -9 -6 -6 -6 -6 -5 -5 -5 -5 ------------ Run | Yrd Mat Sub Rec Scr Fac Low Low Dat Pro Fac DSF Gar Used RIF Installer . | . . . . . . . . . . . . . Robots Hacked . | . . . . . . . . . . . . . Non-combat . | . . . . . . . . . . . . . Combat . | . . . . . . . . . . . . . Robot Hacks Applied . | . . . . . . . . . . . . . Relay Couplers Released 7 | . . . . . 3 . . . . . . 4 Machine Destruction 7 | . . . . . 3 . . . . . . 4 Fabnet Peak Effective % . | . . . . . . . . . . . . . Robots Rewired 11 | . . . 9 . . . . . 2 . . . Allies Hacked . | . . . . . . . . . . . . . Hacks Repelled . | . . . . . . . . . . . . . Allies | -11 -10 -10 -9 -9 -6 -6 -6 -6 -5 -5 -5 -5 -------- Run | Yrd Mat Sub Rec Scr Fac Low Low Dat Pro Fac DSF Gar Total Allies 12 | . . . 9 . . . . . 3 . . . Largest Group 9 | . . . 9 . . . . . 2 . . . Highest-Rated Group 115 | . . . 115 . . . . . 96 . . . Highest-Rated Ally 96 | . . . 27 . . . . . 96 . . . Total Orders . | . . . . . . . . . . . . . Ally Attacks 22 | . . . 2 . . . . . 20 . . . Total Damage 746 | . . . 45 . . . . . 701 . . . Kills 4 | . . . 1 . . . . . 3 . . . Allies Corrupted 1 | . . . . . . . . . 1 . . . Allies Melted . | . . . . . . . . . . . . . Intel | -11 -10 -10 -9 -9 -6 -6 -6 -6 -5 -5 -5 -5 ------- Run | Yrd Mat Sub Rec Scr Fac Low Low Dat Pro Fac DSF Gar Active Infowar (turns) 692 | 66 48 578 . . . . . . . . . . Seismic 692 | 66 48 578 . . . . . . . . . . Robot Analysis Total . | . . . . . . . . . . . . . Derelict Logs Recovered 6 | . . 2 . 1 . 2 . . 1 . . . Drone Launches . | . . . . . . . . . . . . . Drone Recoveries . | . . . . . . . . . . . . . Exploration | -11 -10 -10 -9 -9 -6 -6 -6 -6 -5 -5 -5 -5 ------------- Run | Yrd Mat Sub Rec Scr Fac Low Low Dat Pro Fac DSF Gar Turns Passed 15290 | 142 48 3274 2244 2489 2455 847 686 152 2278 5 55 615 Spaces Moved 6882 | 63 41 1875 667 957 1205 468 408 91 634 9 88 376 Core 476 | 9 . . . . . . . . 328 9 88 42 Treads 5140 | 54 1 1069 581 957 1205 468 408 91 306 . . . Legs . | . . . . . . . . . . . . . Wheels 932 | . 40 806 86 . . . . . . . . . Hover . | . . . . . . . . . . . . . Flight 334 | . . . . . . . . . . . . 334 Fastest Speed 22 | 50 95 110 130 260 160 160 160 160 50 50 50 22 Average Speed 193 | 144 96 151 243 260 183 160 160 160 322 50 50 108 Slowest Speed 550 | 160 160 260 260 260 260 160 160 160 550 50 50 250 Overloaded Moves . | . . . . . . . . . . . . . Propulsion Burnouts . | . . . . . . . . . . . . . Robots Hopped . | . . . . . . . . . . . . . Potential Cave-ins . | . . . . . . . . . . . . . Cave-ins Triggered . | . . . . . . . . . . . . . Exploration Rate (%) 53 | 4 6 86 92 57 35 53 61 70 65 . 87 23 Regions Visited 12 Branch Regions 7 Pre-discovered Areas 4 | . . 2 1 . . . . 1 . . . . Known Exits Taken 2 | . . . 1 . . . . . . 1 . . Unknown Exits Taken 9 | 1 1 1 . 1 1 1 1 1 1 . . . Scrap Searched 19 | . . 10 . 3 . 2 3 . 1 . . . Spaces Dug 5 | . . 2 . . . . 3 . . . . . Terrain Destroyed 224 | . . 3 . . 1 1 59 . 135 . . 25 Melee . | . . . . . . . . . . . . . Projectile 18 | . . 3 . . 1 . 3 . 9 . . 2 AOE 205 | . . . . . . . 56 . 126 . . 23 Terrain Rammed . | . . . . . . . . . . . . . Walls Destroyed . | . . . . . . . . . . . . . Machines Disabled . | . . . . . . . . . . . . . Actions | -11 -10 -10 -9 -9 -6 -6 -6 -6 -5 -5 -5 -5 --------- Run | Yrd Mat Sub Rec Scr Fac Low Low Dat Pro Fac DSF Gar Total 8303 | 93 48 2145 1267 959 1341 518 428 98 749 8 101 548 Wait 634 | . 6 85 476 . 6 7 . . 9 . . 45 Move 6870 | 62 40 1874 666 956 1204 467 407 90 633 8 87 376 Hop . | . . . . . . . . . . . . . Pick Up 126 | 12 1 27 9 2 38 9 1 . 12 . 4 11 Fast Attach 18 | . . 2 . . 2 3 . 4 . . 1 6 Attach 64 | 7 . 3 . . 19 4 . . 15 . 2 14 Detach 6 | . . . . . . . . . . . 2 4 Swap 38 | . 1 11 2 . 9 2 8 . 5 . . . Drop 75 | 1 . 25 9 1 12 6 1 4 4 . 5 7 Fire 290 | 11 . 106 1 . 49 20 11 . 61 . . 31 Melee . | . . . . . . . . . . . . . Ram . | . . . . . . . . . . . . . Kick . | . . . . . . . . . . . . . Crush 16 | . . . 15 . 1 . . . . . . . Escape Stasis 54 | . . . . . . . . . . . . 54 Rewire 99 | . . . 89 . . . . . 10 . . . Trap . | . . . . . . . . . . . . . Miscellaneous 13 | . . 12 . . 1 . . . . . . . Route ------- -11/Scrapyard -10/Materials -10/Subcaves (discovered 4 exits: [*Mat x2] / *Rec / *Scr) -9/Recycling (discovered 2 exits: [*Fac] / *Scr) -9/Scraptown -6/Factory (discovered 3 exits: *Fac x2 / [*Low]) -6/Lower Caves -6/Lower Caves (discovered 2 exits: *Fac / *Dat) -6/Data Miner -5/Proximity Caves -5/Factory (discovered 2 exits: Fac / DSF) -5/DSF -5/Garrison History --------- Turn | Location | Event 6 | -11/Scrapyard | Discovered new exit (range 14) 143 | -11/Scrapyard | Entered Materials 144 | -10/Materials | Met a group of wandering Federalists 171 | -10/Materials | Discovered new exit (range 6) 191 | -10/Materials | Entered Subcaves 192 | -10/Subcaves | Continued accompanying wandering Federalists (5) 192 | -10/Subcaves | Approached by a straggling Scientist 209 | -10/Subcaves | Ambushed by Subdwellers from Twisted Machinery 307 | -10/Subcaves | Build established: Mutant 308 | -10/Subcaves | Lost 3 allies 393 | -10/Subcaves | Wandering Federalist uncovered a shortcut to Scraptown 644 | -10/Subcaves | Curiously followed by a Cobbler waking with a query about "LVR3C" 762 | -10/Subcaves | Ambushed by angry Subdweller bent on revenge 1080 | -10/Subcaves | A swath of the cavern ceiling suddenly collapsed 1175 | -10/Subcaves | Shifting Twisted Machinery released Battle Cannon 1177 | -10/Subcaves | Shifting Twisted Machinery released Sub. Power Source 1197 | -10/Subcaves | Core integrity fell below 50% 1534 | -10/Subcaves | Disturbed a concealed Subdweller 1737 | -10/Subcaves | Learned Materials non-interactive machine intel 1741 | -10/Subcaves | Visited Clippyterm 1746 | -10/Subcaves | Learned Factory garrison access intel 1880 | -10/Subcaves | A swath of the cavern ceiling suddenly collapsed 1934 | -10/Subcaves | Discovered new exit (range 14) 1988 | -10/Subcaves | Learned location of Zion (-7) 1988 | -10/Subcaves | Met a Zionite searching for "candidates" 2382 | -10/Subcaves | Discovered new exit (range 14) 2403 | -10/Subcaves | Disturbed a concealed Subdweller 2688 | -10/Subcaves | Core integrity fell below 20% 2741 | -10/Subcaves | Discovered new exit (range 3) 3038 | -10/Subcaves | Found SUBCON Basin 3200 | -10/Subcaves | Build established: Derelict-Mutant 3465 | -10/Subcaves | Entered Recycling 3612 | -9/Recycling | Discovered new exit (range 5) 4247 | -9/Recycling | Build established: Commander-Mutant 4897 | -9/Recycling | Lost 4 allies 5158 | -9/Recycling | Learned Materials stockpile data 5170 | -9/Recycling | Lost 5 allies 5171 | -9/Recycling | Learned Storage trap positions 5171 | -9/Recycling | Scanned before Scraplab entrance 5208 | -9/Recycling | Entered Scraplab 5224 | -9/Recycling | Identified exit to Scraptown 5411 | -9/Recycling | Build established: Derelict-Mutant 5709 | -9/Recycling | Entered Scraptown 6248 | -9/Scraptown | Scanned Subdweller tech in exchange for log data 6255 | -9/Scraptown | Learned location of 1 exit from Upper Caves 6320 | -9/Scraptown | Visited Symbiants 6388 | -9/Scraptown | Visited Cyclists 6453 | -9/Scraptown | Visited CPS Storage 6947 | -9/Scraptown | Visited Assassins FH 7033 | -9/Scraptown | Visited Fellowship of the Rings 7072 | -9/Scraptown | Visited Comm Corps 7165 | -9/Scraptown | Visited SPCMW 7324 | -9/Scraptown | Discovered new exit (range 11) 7548 | -9/Scraptown | Turned away by UFD registrar 8198 | -9/Scraptown | Entered Factory 8198 | -6/Factory | Evolved 8 slots: Power x1, Propulsion x2, Utility x3, Weapon x2 8199 | -6/Factory | Loaded intel: 4 garrison access locations 8263 | -6/Factory | Discovered new exit (range 15) 8486 | -6/Factory | Build established: Derelict-Gunner 8792 | -6/Factory | Released subatomizers from SUBCON Basin 9238 | -6/Factory | Build established: Derelict-Tank 9628 | -6/Factory | Sterilization system engaged 9628 | -6/Factory | Non-combat units ordered to evacuate 9728 | -6/Factory | Combat units ordered to evacuate 9921 | -6/Factory | Build established: Scavenger-Gunner 9926 | -6/Factory | Discovered new exit (range 13) 9928 | -6/Factory | Ambient heat levels rising (+10) 10078 | -6/Factory | Ambient heat levels rising (+10) 10228 | -6/Factory | Ambient heat levels rising (+10) 10254 | -6/Factory | Discovered new exit (range 13) 10378 | -6/Factory | Ambient heat levels rising (+10) 10528 | -6/Factory | Ambient heat levels rising (+10) 10653 | -6/Factory | Entered Lower Caves 10674 | -6/Lower Caves | Learned Factory emergency access door positions 10835 | -6/Lower Caves | Encountered a Warlord checkpoint 10992 | -6/Lower Caves | Spotted B-75 Beast 11050 | -6/Lower Caves | Destroyed B-75 Beast 11435 | -6/Lower Caves | Learned location of 1 exit from Factory 11492 | -6/Lower Caves | Discovered new exit (range 6) 11500 | -6/Lower Caves | Entered another Lower Caves area 11504 | -6/Lower Caves | Discovered new exit (range 8) 11710 | -6/Lower Caves | Spotted B-75 Beast 11711 | -6/Lower Caves | Build established: Scavenger-Tank 12164 | -6/Lower Caves | Discovered new exit (range 7) 12186 | -6/Lower Caves | Entered Data Miner 12186 | -6/Data Miner | Discovered new exit (range 6) 12219 | -6/Data Miner | Met Data Miner 12256 | -6/Data Miner | Learned location of Section 7 (-2) 12256 | -6/Data Miner | Acquired the access code to Warlord's prototype stash 12281 | -6/Data Miner | Received God Mode back door access code from Data Miner 12338 | -6/Data Miner | Entered Proximity Caves 12341 | -5/Proximity Caves | Spotter reported a threat 12341 | -5/Proximity Caves | Spotter reported a threat 12499 | -5/Proximity Caves | Attracted the attention of an 0b10 outpost 12508 | -5/Proximity Caves | Spotter reported a threat 12524 | -5/Proximity Caves | System corruption reached 10% 12557 | -5/Proximity Caves | Lost 4 parts (1p1u2w) 12613 | -5/Proximity Caves | Learned Factory emergency access door positions 12668 | -5/Proximity Caves | Spotter reported a threat 12670 | -5/Proximity Caves | Spotter reported a threat 12735 | -5/Proximity Caves | Lost 6 parts (2n2u2w) 12768 | -5/Proximity Caves | Spotter reported a threat 12870 | -5/Proximity Caves | Core integrity fell below 50% 12900 | -5/Proximity Caves | Destroyed 8 combat bots 12907 | -5/Proximity Caves | Lost 5 parts (2p1n1u1w) 12959 | -5/Proximity Caves | Spotted B-75 Beast 13004 | -5/Proximity Caves | Attracted the attention of an 0b10 checkpoint 13049 | -5/Proximity Caves | Escorted by Enhanced Grunt 13084 | -5/Proximity Caves | Lost 9 parts (4n1u4w) 13312 | -5/Proximity Caves | Build established: Mutant 14593 | -5/Proximity Caves | Core integrity fell below 20% 14611 | -5/Proximity Caves | Discovered new exit (range 10) 14616 | -5/Proximity Caves | Entered Factory 14616 | -5/Factory | Evolved 2 slots: Power x1, Propulsion x1 14617 | -5/Factory | Identified exit to Factory 14621 | -5/Factory | Identified exit to DSF 14621 | -5/Factory | Entered DSF 14660 | -5/DSF | Additional patrols routed to DSF 14670 | -5/DSF | Discovered new exit (range 11) 14676 | -5/DSF | Entered Garrison 14709 | -5/Garrison | Core integrity fell below 50% 14754 | -5/Garrison | Core integrity fell below 20% 15100 | -5/Garrison | Triggered checkpoint 15205 | -5/Garrison | Spotted B-75 Beast 15208 | -5/Garrison | Triggered checkpoint 15219 | -5/Garrison | Garrison Relay disabled 15276 | -5/Garrison | Triggered checkpoint 15291 | -5/Garrison | Destroyed by B-75 Beast with Heavy Machine Gun Last Messages --------------- VTOL Module destroyed. Penetrated by Slug. Dropped Autogun. Field strength at 49. Penetrated by Slug. Field strength at 32. Slug penetrates Wall. Penetrated by Slug. Field strength at 17. Field strength at 11. Penetrated by Slug. VTOL Module destroyed. Penetrated by Slug. Stasis field depleted. Dropped Lgt. Nuclear Core. Triggered Stasis Trap. A bubble of rippling energy engulfs the area. Field strength at 94. Field strength at 88. Penetrated by Slug. Map ----- +----------------------------------------------------+ | ?????????????????????????????????????????????????? | | ?????????????????????????????????????????????????? | | ?????????????????????????????????????????????????? | | ?????????????????????????????????????????????????? | | ?????????????????????????????????????????????????? | | ?????????????????????????????????????????????????? | | ?????????????????????????????????????????????????? | | ?????????????????????????????????????????????????? | | ?????????????????????????????????????????????????? | | ?????????????????????????????????????????????????? | | ?????????????????????????????????????????????????? | | ?????????????????????????????????????????????????? | | ?????????????????????????????????????????????????? | | ?????????????????????????????????????????????????? | | ?????????????????????????????????????????????????? | | ?????????????????????????????????????????????????? | | ?????????????????????????????????????????????????? | | ?????????????????????????????????????????????????? | | ?????????????????????????????????????????????????? | | ?????????????????????????????????????????????????? | | ???????????????????????####??????????????????????? | | ???????????????????????# ??????????????????????? | | ???????????????????????# ^??????????????????????? | | ???????????????????????# #??????????????????????? | | ???????????????????????#[ #??????????????????????? | | ???????????????????????# @#??????????????????????? | | ???????????????????????#[*#??????????????????????? | | ???????????????????????# #??????????????????????? | | ???????????????????????# #??????????????????????? | | ???????????????????????# #??????????????????????? | | ?????????#########""""## ##?????????????????????? | | ???????? BB #?????????????????????? | | ???????? BB #?????????????????????? | | ???????? #?????????????????????? | | ???????????## ## ## #?????????????????????? | | ????????????# ## ## ###???????????????????? | | ????????????" hh #???????????????????? | | ????????????" #???????????????????? | | ????????????" #???????????????????? | | ????????????" #???????????????????? | | ????????????# ## ## ###???????????????????? | | ???????????## ## ## ####################### | | ?????????? ^ # | | ?????????? " | | ????????????# ######## ############# | | ????????????# ##""""## ##??????# #???????????? | | ????????????? ???????# #???????# #???????????? | | ???????????????????????# #???????# #???????????? | | ???????????????????????# #???????# #???????????? | | ???????????????????????# #???????# ##??????????? | +----------------------------------------------------+ Best States ------------- Heat Dissipation 97 Energy Generation 31 Energy Capacity 450 Matter Stores 300 Matter Capacity 300 Sight Range 16 Terrain Scan Density 10 Armor Coverage 800 Resistance: KI 30 Weapon Cycling 15 Evasion (%) 65 Target Analysis 6 Recoil Reduction 4 Matter Filtering 30 Item Schematics ----------------- Combat Drone Bay | -6/Data Miner | Free Lgt. Regenerative Plating | -6/Data Miner | Free Enh. Armored Leg | -6/Data Miner | Free Adv. EM Disruption Field | -6/Data Miner | Free Hvy. Proton Missile Launcher | -6/Data Miner | Free Centrium Wheel | -6/Data Miner | Free Adv. Thermal Generator | -6/Data Miner | Free Dispersion Rifle | -6/Data Miner | Free Adv. Salvage Targeting Computer | -6/Data Miner | Free Phase Gun | -6/Data Miner | Free Adv. Datajack | -6/Data Miner | Free Mic. Antimatter Reactor | -6/Data Miner | Free Robot Schematics ------------------ B-48 Gladiator | -6/Data Miner | Free G-50 Soldier | -6/Data Miner | Free E-15 Imp | -6/Data Miner | Free R-10 Processor | -6/Data Miner | Free O-32 Director | -6/Data Miner | Free Y-64 Sentinel | -6/Data Miner | Free H-66 Slayer | -6/Data Miner | Free C-35 Carver | -6/Data Miner | Free Fabricated ------------ Nothing Repaired ---------- Nothing Studied --------- None Alien Tech Used ----------------- None Achievements -------------- Into The Furnace Pestilence Window Shopping Challenges ------------ None Game ------ Seed StorageArmageddonTurbovents Manual? 0 Play Time 01:23:31 Cumulative 347.6 hours Start 2025.11.30 @ 20:51:04 End 2025.11.30 @ 22:18:42 Sessions 3 Manual Loads 0 Difficulty Rogue Special Mode None Game No. 255 Rogue 255 Adventurer 0 Explorer 0 Win Type - Total 27 Types 14/1/7/2/1/0/0/1/0/1 Lore% 95 Gallery% 88 Achievement% 70 Wizard Run 0 Options --------- Layout 1 ASCII 0 Keyboard 0 Movement Numpad Keybinds 0 Fullscreen 1 Font 24/Proggy Map View 50x35 Zoom Use 0% Tactical HUD 0 Map Filters NONE Filters NONE Steam 1 RUN: 23fc83bd-6374-42e3-b6dc-8f5f754247bc